 Dungeon Crawl Stone Soup version 0.31-a0-263-ge8cad7f256 (webtiles) character file.

Game seed: 6054562975578472597

156 qw the Shooter (level 5, -17/45 HPs)
             Began as a Minotaur Hexslinger on July 13, 2023.
             Demolished by an ogre
             ... wielding a +0 giant club
              (25 damage)
             ... on level 3 of the Dungeon.
             The game lasted 00:00:54 (2346 turns).

qw the Shooter (Minotaur Hexslinger)                Turns: 2346, Time: 00:00:55

Health: -17/45     AC:  5    Str: 13    XL:     5   Next: 14%
Magic:  5/5        EV: 12    Int: 10    God:
Gold:   206        SH:  0    Dex: 14    Spells: 5/6 levels left

rFire   . . .        Y - +1 sling
rCold   . . .        (no shield)
rNeg    . . .        l - +2 robe {Will+}
rPois   .            (helmet restricted)
rElec   .            h - +0 cloak
rCorr   .            (no gloves)
SInv    .            (no boots)
Will    +....        (no amulet)
Stlth   +            (no ring)
HPRegen 0.27/turn    (no ring)
MPRegen 0.09/turn

%: no passive effects
@: no status effects
A: horns 2, retaliatory headbutt
a: no special abilities


You were on level 3 of the Dungeon.
You visited 1 branch of the dungeon, and saw 3 of its levels.

You collected 206 gold pieces.


Innate Abilities, Weirdness & Mutations

You have a pair of horns on your head.
You reflexively headbutt those who attack you in melee.


   Skills:
 - Level 3.0 Fighting
 + Level 5.3 Ranged Weapons
 - Level 2.1 Dodging
 - Level 1.0 Spellcasting
 - Level 2.0 Hexes


You had 5 spell levels left.
You knew the following spells:

 Your Spells              Type           Power      Damage    Failure   Level
a - Slow                  Hex            16%        N/A       16%         1

Your spell library contained the following spells:

 Spells                   Type           Power      Damage    Failure   Level
 Inner Flame              Hex/Fire       2%         N/A       56%         3
 Portal Projectile        Hex/Tloc       4%         N/A       56%         3
 Cause Fear               Hex            2%         N/A       83%         4

Inventory:

Hand Weapons
 Y - a +1 sling (weapon)
Armour
 a - a +1 pair of boots
 h - a +0 cloak (worn)
 l - a +2 robe of willpower (worn)
Jewellery
 g - a ring of ice
Scrolls
 j - a scroll of fear {unknown}
 k - a scroll of identify
Potions
 b - a potion of curing {unknown}
 c - a potion of lignification {unknown}
 d - a potion of enlightenment
 e - a potion of magic {unknown}
 f - a potion of brilliance {unknown}
 i - a potion of might

Dungeon Overview and Level Annotations

Branches:
Dungeon (3/15)

Altars:


Message History

Enter note:
Enter note:
Found a short sword.
Enter note:
Enter note:
Enter note:
Enter note:
Enter note:
Enter note: An ogre comes into view. It is wielding a +0 giant club.
Enter note:
Enter note:
Enter note:
Enter note:
Enter note:
Enter note: You shoot a sling bullet.
The sling bullet completely misses the ogre.
You shoot a sling bullet.
The sling bullet barely misses the ogre.
You shoot a sling bullet.
The sling bullet barely misses the ogre.
You shoot a sling bullet. The sling bullet hits the ogre.
The ogre is lightly wounded.
You shoot a sling bullet. The sling bullet hits the ogre.
The ogre is moderately wounded.
The ogre hits you with a +0 giant club!!
You shoot a sling bullet. The sling bullet hits the ogre.
The ogre is heavily wounded.
The ogre hits you with a +0 giant club!!
You shoot a sling bullet. The sling bullet hits the ogre.
The ogre is severely wounded.
You shoot a sling bullet.
The sling bullet barely misses the ogre.
The ogre closely misses you.
You shoot a sling bullet. The sling bullet hits the ogre.
The ogre is severely wounded.
The ogre hits you with a +0 giant club!!
Ouch! That really hurt!
You die...

### #.#...##..#....#..# #.# #.# #
#....)##..##.#.#..# #.# #.#
######.#..#......#.#..# #.# #.#
...# #...........#.#..###.####.#
##.# ###..#.....##...........#.#
#.# #..#....................##
#.# #..#.....##.#..###........
##.# #...................#.#...
...# #.##.#...@..#####.#.#.#.##
##.#####.##.##.##O)#####.#.#.#.#.
#...>......##.# ..##........#.#.
#.)...#..####.##..#.###.....#.#.
##.##.#.......<.................
#.##.............#.#.......###.
#.#####.########.##............
#.#####.# .###.....#.####
#.......# ..............


You could see an ogre.

Vanquished Creatures
  Jessica (D:2)
  Robin (D:2)
  4 adders
  A worm (D:2)
  2 dart slugs
  6 bats
  4 endoplasms
  A giant cockroach (D:3)
  11 goblins
  5 hobgoblins
  9 jackals
  9 kobolds
  2 quokkas
  5 ball pythons
  7 frilled lizards
  7 rats
75 creatures vanquished.

Notes
Turn   | Place    | Note
-------+----------+-------------------------------------------
     0 | D:1      | qw the Minotaur Hexslinger began the quest for the Orb.
     0 | D:1      | Reached XP level 1. HP: 16/16 MP: 1/1
     0 | D:1      | 0 ||| qw: Version: 0.3-a-52-g30416fa
     0 | D:1      | 0 ||| qw: Game counter: 7395
     0 | D:1      | 0 ||| qw: Melee chars always use a shield: true
     0 | D:1      | 0 ||| qw: God list: Okawaru
     0 | D:1      | 0 ||| qw: Allow faded altars: false
     0 | D:1      | 0 ||| qw: Do Orc after clearing Dungeon:15 true
     0 | D:1      | 0 ||| qw: Do second Lair branch before Depths: true
     0 | D:1      | 0 ||| qw: Lair rune preference: random
     0 | D:1      | 0 ||| qw: Goals: Normal
     0 | D:1      | 0 ||| PLANNING D:1-11
   269 | D:1      | Reached skill level 3 in Ranged Weapons
   269 | D:1      | Reached XP level 2. HP: 23/23 MP: 2/2
   729 | D:1      | Reached XP level 3. HP: 28/29 MP: 3/3
   885 | D:1      | 885 ||| UPGRADING to +0 leather armour.
   895 | D:1      | 895 ||| DROPPING +0 robe.
   896 | D:1      | 896 ||| UPGRADING to +0 cloak.
   901 | D:1      | 901 ||| DROPPING scroll of poison.
  1015 | D:2      | Reached skill level 4 in Ranged Weapons
  1023 | D:2      | 1023 ||| FLEEEEING.
  1031 | D:2      | 1031 ||| STAIRDANCE
  1050 | D:1      | 1050 ||| DRINKING 2 ruby potions.
  1118 | D:2      | Noticed Robin
  1130 | D:2      | Killed Robin
  1131 | D:2      | Reached XP level 4. HP: 16/36 MP: 4/4
  1288 | D:2      | Noticed Jessica
  1313 | D:2      | Killed Jessica
  1314 | D:2      | Reached skill level 5 in Ranged Weapons
  1700 | D:2      | Found a faded altar of an unknown god.
  1837 | D:2      | 1837 ||| UPGRADING to +2 robe of willpower.
  1847 | D:2      | 1847 ||| DROPPING +0 leather armour.
  1848 | D:2      | 1848 ||| READING scroll labelled IRESO DASIA.
  1849 | D:2      | 1849 ||| READING 2 scrolls labelled UTANIW LIY.
  1850 | D:2      | 1850 ||| READING scroll labelled FYRYLA EVUNI.
  1851 | D:2      | 1851 ||| DRINKING 2 lumpy blue potions.
  1983 | D:3      | Reached XP level 5. HP: 44/44 MP: 5/5
  1988 | D:3      | Reached skill level 3 in Fighting
  2337 | D:3      | Noticed an ogre
  2343 | D:3      | HP: 7/45 [ogre/+0 giant club (18)]
  2346 | D:3      | Demolished by an ogre

Levels and vault maps discovered:
D:1:      giann_wishing_wells, layout_loops_corners,
          minmay_misc_feat_four_crosses
D:2:      layout_basic, hellmonk_ecumenical_altar_run_dry,
          minmay_close_crescents, uniq_robin, uniq_jessica
D:3:      layout_loops_ring

Skill      XL: |  1  2  3  4  5 |
---------------+----------------+-----
Ranged Weapons | 3 4 5 |  5.3
Fighting       | 2 3 |  3.0
Dodging        | |  2.1
Spellcasting   | |  1.0
Hexes          | |  2.0

Action                     |  1- 3 |  4- 6 || total
---------------------------+-------+-------++-------
   Fire: Sling             |   104 |   110 ||   214
    Use: Potion            |     1 |     1 ||     2
         Scroll            |       |     3 ||     3
 Armour: Robe              |     1 |    18 ||    19
         Leather armour    |    15 |     2 ||    17
  Dodge: Dodged            |    47 |    30 ||    77

Table legend:
 A = Non-vault XP
 B = Vault XP
 C = Vault XP percentage of total XP
 D = Non-vault monster count
 E = Vault monster count
 F = Vault count percentage of total count
                 A         B        C        D         E       F
            +---------+---------+-------+---------+---------+-------
      Total |     136 |      87 |  39.0 |      60 |      15 |  20.0
            +---------+---------+-------+---------+---------+-------
        D:1 |      42 |       0 |   0.0 |      26 |       0 |   0.0
        D:2 |      37 |      87 |  70.2 |      15 |      15 |  50.0
        D:3 |      57 |       0 |   0.0 |      19 |       0 |   0.0
            +---------+---------+-------+---------+---------+-------
